 Dungeon Crawl Stone Soup version 0.31-a0-1066-g35875b34c7 (webtiles) character file.

Game seed: 3703238183366972937

4939 Colgate the Skirmisher (level 10, -3/91 HPs)
             Began as a Demigod Hunter on Nov 22, 2023.
             Slain by a komodo dragon (27 damage)
             ... on level 8 of the Dungeon.
             The game lasted 00:29:53 (12885 turns).

Colgate the Skirmisher (Demigod Hunter)            Turns: 12885, Time: 00:29:54

Health: -3/91      AC: 11    Str: 12    XL:     10   Next: 7%
Magic:  13/13      EV: 17    Int: 11    God:
Gold:   460        SH:  0    Dex: 35    Spells: 9/9 levels left

rFire   . . .        l - +4 arbalest (elec)
rCold   . . .        (shield currently unavailable)
rNeg    . . .        u - +0 steam dragon scales
rPois   .            s - +1 helmet
rElec   .            (no cloak)
rCorr   .            (no gloves)
SInv    .            o - +2 pair of boots
Will    +....        m - amulet of the acrobat
Stlth   +++          j - +6 ring of dexterity
HPRegen 0.35/turn    (no ring)
MPRegen 0.13/turn

%: acrobat
@: no status effects
A: high MP 1, forlorn, divine attributes
a: no special abilities


You were on level 8 of the Dungeon.
You visited 1 branch of the dungeon, and saw 8 of its levels.

You collected 460 gold pieces.

Inventory:

Hand Weapons
 l - a +4 arbalest of electrocution (weapon)
Missiles
 q - 4 throwing nets {!f}
Armour
 n - a +4 ring mail of positive energy
 o - a +2 pair of boots (worn)
 s - a +1 helmet (worn)
 u - +0 steam dragon scales (worn)
Jewellery
 j - a +6 ring of dexterity (left hand)
 m - an amulet of the acrobat (around neck)
Wands
 c - a wand of digging (5) {@v3}
 r - a wand of flame (15)
 y - a wand of polymorph (10)
Scrolls
 a - a scroll of poison
 b - 4 scrolls of identify {unknown}
 d - a scroll of blinking {@r4}
 f - 2 scrolls of brand weapon
 h - 2 scrolls of amnesia
Potions
 e - 7 potions of curing {@q1}
 g - 2 potions of haste {@q4}
 i - a potion of invisibility {unknown}
 k - a potion of magic {unknown}
 p - 2 potions of attraction {unknown}
 t - a potion of cancellation {unknown}
 v - 2 potions of degeneration {unknown}
 w - 3 potions of mutation {unknown}


   Skills:
 - Level 9.0 Fighting
 - Level 10.0 Ranged Weapons
 - Level 3.7 Armour
 + Level 4.1 Dodging
 - Level 2.0 Stealth


You had 9 spell levels left.
You didn't know any spells.
Your spell library contained the following spells:

 Spells                   Type           Power      Damage    Failure   Level
 Freeze                   Ice            0%         1d3       34%         1
 Necrotise                Necr           0%         1d4       34%         1
 Call Canine Familiar     Summ           0%         N/A       71%         3
 Dazzling Flash           Conj/Hex       0%         N/A       71%         3
 Frozen Ramparts          Ice            0%         1d1       71%         3
 Gell's Gravitas          Tloc           0%         N/A       71%         3
 Hailstorm                Conj/Ice       0%         3d3       71%         3
 Sigil of Binding         Hex            0%         N/A       71%         3
 Teleport Other           Tloc           0%         N/A       71%         3
 Vampiric Draining        Necr           0%         2d6       71%         3
 Dimensional Bullseye     Hex/Tloc       0%         N/A       98%         4
 Leda's Liquefaction      Hex/Erth       0%         N/A       98%         4
 Olgreb's Toxic Radiance  Pois           0%         N/A       98%         4
 Agony                    Necr           0%         N/A       100%        5
 Silence                  Hex/Air        0%         N/A       100%        5
 Dispersal                Tloc           0%         N/A       100%        6
 Discord                  Hex            0%         N/A       100%        8
 Ignition                 Fire           0%         3d3       100%        8


Dungeon Overview and Level Annotations

Branches:
Dungeon (8/15)             Temple (0/1) D:7            Lair (0/5) D:8

Shops:
D:8 (

Annotations:
D:6 raudan takana kultaa


Innate Abilities, Weirdness & Mutations

You have an increased reservoir of magic. (+10% MP)
You shall have no god before yourself.
Your divine heritage dramatically boosts your attributes as you level up.


Message History

There is a stone staircase leading up here.
You climb upwards.
There is a stone staircase leading down here.
You start resting.
HP restored.
You climb downwards.
There is a stone staircase leading up here.
You start waiting.
Done waiting.
What are your orders? t - Shout!
Orders for allies: a - Attack new target. r - Retreat! s - Stop attacking. g - Guard the area. f - Follow me.
Anything else - Cancel.
You shout for attention!
You start waiting.
Done waiting.
No target in view!
A komodo dragon comes into view.
The komodo dragon hisses angrily.
The komodo dragon moves out of view.
No target in view!
Found a silvery potion.
Found a staircase to the Lair.
You shoot a bolt. The bolt hits the komodo dragon.
Lightning courses through the komodo dragon!
The komodo dragon bites you!! The komodo dragon closely misses you.
You shoot a bolt.
The bolt completely misses the komodo dragon.
The komodo dragon bites you!!
You are too injured to fight recklessly!
Fire: l) +4 arbalest (elec)
Press: ? - help, Q - select action, (/) - cycle Shift-Dir - straight line, f/p - komodo dragon
Aim: a komodo dragon (heavily wounded, 79% to hit)
You shoot a bolt.
The bolt closely misses the komodo dragon.
The komodo dragon bites you!!
* * * LOW HITPOINT WARNING * * *
The komodo dragon bites you!!
You die...

(...##....##......## ..
....##...##.......## #..
...............P...##...
#....###....P.P.P.......
##.#####.........P....#
#..###..P.........P..##
#...###.....####.....##
...####.P...#>!#..P...#.
............#..l@..P....
............####.....#..
....###....P.....P......
.....#....P.....P.......
#..........P...P........
##......................
..........).P...........
###.....................
# #......<...o...


You could see a komodo dragon.

Vanquished Creatures
  A boulder beetle (D:6)
  An elephant (D:7)
  2 hornets
  4 steam dragons
  A water moccasin (D:5)
  2 orc warriors (D:6)
  A sky beast (D:6)
  A black bear (D:4)
  2 ogres
  A centaur (D:5)
  A phantom (D:4)
  5 bullfrogs
  A gnoll sergeant (D:6)
  2 scorpions
  8 wights
  7 killer bees
  3 howler monkeys
  6 hounds
  4 orc priests
  3 jellies
  3 iguanas (D:6)
  7 orc wizards
  Natasha (D:2)
  10 gnolls
  7 adders
  A shadow imp (D:7)
  A white imp (D:5)
  4 ufetubi
  4 dart slugs
  25 orcs
  9 endoplasms
  6 giant cockroaches
  6 goblins
  8 hobgoblins
  2 jackals (D:3)
  3 quokkas
  5 ball pythons
  3 bats
  2 frilled lizards
  3 kobolds
  5 rats
171 creatures vanquished.

Notes
Turn   | Place    | Note
-------+----------+-------------------------------------------
     0 | D:1      | Colgate the Demigod Hunter began the quest for the Orb.
     0 | D:1      | Reached XP level 1. HP: 17/17 MP: 3/3
   141 | D:1      | Reached skill level 4 in Ranged Weapons
   288 | D:1      | Reached XP level 2. HP: 24/24 MP: 4/4
   677 | D:2      | Reached XP level 3. HP: 26/29 MP: 5/5
  1201 | D:2      | Noticed Natasha
  1205 | D:2      | Killed Natasha
  1206 | D:2      | Reached skill level 5 in Ranged Weapons
  1318 | D:2      | Reached XP level 4. HP: 34/36 MP: 6/6
  2322 | D:4      | Noticed a phantom
  2340 | D:4      | Reached skill level 6 in Ranged Weapons
  2515 | D:4      | Reached XP level 5. HP: 41/41 MP: 7/7
  2529 | D:4      | Noticed a black bear
  2603 | D:4      | Reached skill level 1 in Stealth
  2760 | D:4      | Reached XP level 6. HP: 34/50 MP: 8/8
  3547 | D:5      | Entered Level 5 of the Dungeon
  3553 | D:5      | Reached skill level 7 in Ranged Weapons
  3646 | D:5      | Noticed a water moccasin
  3887 | D:5      | Identified a scroll of acquirement
  3891 | D:5      | Killed a water moccasin
  3892 | D:5      | Reached XP level 7. HP: 51/56 MP: 9/9
  3892 | D:5      | Acquired a +4 arbalest of electrocution
  3895 | D:5      | Reached skill level 8 in Ranged Weapons
  4785 | D:6      | Reached skill level 9 in Ranged Weapons
  5027 | D:6      | Reached XP level 8. HP: 62/62 MP: 10/10
  5406 | D:6      | Reached skill level 10 in Ranged Weapons
  5417 | D:6      | Noticed a boulder beetle
  5450 | D:6      | Killed a boulder beetle
  5466 | D:6      | Reached XP level 9. HP: 47/78 MP: 11/11
  8269 | D:7      | Found a staircase to the Ecumenical Temple.
  9376 | D:7      | Found a staircase to the Ecumenical Temple.
  9978 | D:7      | Found a staircase to the Ecumenical Temple.
 10358 | D:8      | Found Etoirott's Antique Weapon Boutique.
 10598 | D:8      | Reached skill level 1 in Armour
 11051 | D:8      | Noticed an elephant
 11051 | D:8      | Noticed an elephant
 11062 | D:7      | Killed an elephant
 11063 | D:7      | Reached XP level 10. HP: 77/91 MP: 13/13
 12882 | D:8      | Found a staircase to the Lair.
 12885 | D:8      | Slain by a komodo dragon

Illustrated notes

Levels and vault maps discovered:
D:1:      dpeg_arrival_boxes_within_box, layout_basic, basic_ecumenical_altar
D:2:      layout_basic, serial_bayou, serial_bayou_pond_d, serial_bayou_pond_d,
          serial_bayou_shore_a, serial_bayou_lagoon_a, grunt_ministairs_5,
          uniq_natasha
D:3:      layout_loops_ring, serial_glass, glass_columns_a, glass_columns_b,
          corexii_corridor_pit
D:4:      layout_loops_cross
D:5:      layout_rooms, chequers_temple_overflow_statue_of_worship,
          grunt_decor_one_mirror
D:6:      cheibrodos_barr_body, layout_rooms, zin_treasury
D:7:      layout_loops_corners, kennysheep_mini, temple_hall,
          minmay_misc_feat_nine_boxes, moated_statue
D:8:      layout_layer_cave, kennysheep_slug_shrine,
          grunt_lair_entry_orc_guard_hut, serial_shops, shop, minmay_microvault

Skill      XL: |  1  2  3  4  5  6  7  8  9 10 |
---------------+-------------------------------+-----
Ranged Weapons | 4 5 6 7 9 10 | 10.0
Fighting       | 2 6 9 |  9.0
Stealth        | 1 2 |  2.0
Dodging        | 4 |  4.1
Armour         | 2 3 |  3.7

Action                     |  1- 3 |  4- 6 |  7- 9 | 10-12 || total
---------------------------+-------+-------+-------+-------++-------
   Fire: Shortbow          |    75 |   151 |       |       ||   226
         Arbalest          |       |       |   169 |    20 ||   189
    Use: Scroll            |       |     4 |     6 |       ||    10
         Potion            |       |       |     2 |       ||     2
 Armour: Leather armour    |     8 |    37 |    26 |       ||    71
         Steam dragon scal |       |       |    16 |    13 ||    29
  Dodge: Dodged            |     4 |    32 |    53 |     5 ||    94

Table legend: (Time is in decaauts)
 A = Elapsed time spent in this place.
 B = Non-inter-level travel time spent in this place.
 C = Inter-level travel time spent in this place.
 D = Time resting spent in this place.
 E = Time spent auto-exploring this place.
 F = Levels seen in this place.
 G = Mean time per level.
                   A        B        C        D        E       F      G
               +--------+--------+--------+--------+--------+-----+--------+
         Total |  13022 |  12574 |    448 |   4236 |   6956 |   8 | 1627.8 |
       Dungeon |  13022 |  12574 |    448 |   4236 |   6956 |   8 | 1627.8 |
               +--------+--------+--------+--------+--------+-----+--------+

Top non-repeatable levels by time:
     D:7: 4423 daAuts
     D:8: 2176 daAuts
     D:6: 2044 daAuts
     D:4: 1369 daAuts
     D:3: 877 daAuts
     D:2: 768 daAuts
     D:5: 683 daAuts
     D:1: 679 daAuts
